 Dungeon Crawl Stone Soup version 0.17.0-1-g61d176b (console) character file.

42 siepu the Cudgeler (level 3, -6/29 HPs)
             Began as a Minotaur Air Elementalist on Nov 7, 2015.
             Mangled by an orc
             ... wielding a +0 morningstar
              (11 damage)
             ... on level 2 of the Dungeon.
             The game lasted 00:02:25 (1701 turns).

siepu the Cudgeler (Minotaur Air Elementalist)      Turns: 1701, Time: 00:02:25

Health: -6/29      AC:  8    Str: 12    XL:     3   Next: 33%
Magic:  4/4        EV:  5    Int: 12    God:
Gold:   113        SH:  0    Dex: 11    Spells: 1 memorised, 3 levels left

rFire  . . .     SeeInvis .     e - +0 club
rCold  . . .     Clarity  .     m - +0 chain mail
rNeg   . . .     SustAt   .     (no shield)
rPois  .         Gourm    .     (helmet restricted)
rElec  .         Spirit   .     (no cloak)
rCorr  .         Warding  .     (no gloves)
rMut   .         Stasis   .     (no boots)
MR     .....                    (no amulet)
Stlth  ..........               (no ring)
                                (no ring)

@: not resistant to hostile enchantments, extremely unstealthy
A: retaliatory headbutt, horns 2
a: no special abilities


You were on level 2 of the Dungeon.
You were hungry.

You visited 1 branch of the dungeon, and saw 2 of its levels.

You collected 113 gold pieces.

Inventory:

Hand Weapons
 e - a +0 club (weapon)
Armour
 a - a +0 robe
 m - a +0 chain mail (worn)
Scrolls
 g - a scroll of noise {unknown}
 i - a scroll of remove curse {unknown}
 j - a scroll of enchant armour {unknown}
 k - 4 scrolls of identify {unknown}
 n - a scroll of teleportation {unknown}
 q - 2 scrolls of fog {unknown}
 r - 3 scrolls of enchant weapon {unknown}
Potions
 d - a potion of cure mutation {unknown}
 l - 2 potions of agility {unknown}
 o - a potion of flight {unknown}
Books
 b - a book of Air

   Spells                             Type                      Level
   a - Shock                          Conjuration/Air              1
   b - Swiftness                      Charms/Air                   2
   c - Repel Missiles                 Charms/Air                   2
   d - Static Discharge               Conjuration/Air              3
   e - Lightning Bolt                 Conjuration/Air              5
Comestibles
 c - 2 bread rations
 f - 5 fruits
 h - 2 chunks of flesh
 p - 2 meat rations


   Skills:
 - Level 2.0 Fighting
 + Level 2.8 Maces & Flails
 - Level 2.1 Dodging
 - Level 1.5 Stealth
 - Level 1.3 Spellcasting
 - Level 0.6 Conjurations
 - Level 2.1 Air Magic


You had 3 spell levels left.
You knew the following spells:

 Your Spells              Type           Power        Failure   Level  Hunger
a - Shock                 Conj/Air       #...         100%        1    ##.....


Dungeon Overview and Level Annotations

Branches:
Dungeon (2/15)

Altars:
Makhleb
Vehumet


Innate Abilities, Weirdness & Mutations

You reflexively headbutt those who attack you in melee.
You have a pair of horns on your head.


Message History

You hit the orc.
The orc is moderately wounded.
The orc hits you but does no damage.
You hit the orc but do no damage.
The orc is moderately wounded.
You hit the orc but do no damage.
The orc is moderately wounded.
The orc hits you with a morningstar.
Your chain mail prevents you from hitting the orc.
The orc is moderately wounded.
The orc barely misses you. You furiously retaliate!
You headbutt the orc. You hit the orc but do no damage.
The orc is severely wounded.
The orc hits you with a morningstar.
* * * LOW HITPOINT WARNING * * *
You are too injured to fight recklessly!
You hit the orc but do no damage.
The orc is severely wounded.
The orc hits you with a morningstar!
You die...

##### ##### #...#
#####...######...########
.......('................
####...###########.#####
#..?# #.# #?..### #.#
#...@.# #####.####
#####o# .........# ..#
.........# #.#
.........#. .. .......#.
.## #.....#. . #.....#. 8
#...<... #.......


You could see an orc.

Vanquished Creatures
  An orc (D:2)
  3 giant cockroaches
  7 goblins
  4 hobgoblins
  3 jackals (D:1)
  2 kobolds (D:1)
  11 bats (D:1)
  A giant newt (D:2)
  5 rats
37 creatures vanquished.

Notes
Turn   | Place    | Note
--------------------------------------------------------------
     0 | D:1      | siepu the Minotaur Air Elementalist began the quest for the Orb.
     0 | D:1      | Reached XP level 1. HP: 14/14 MP: 1/1
   115 | D:1      | Reached skill level 1 in Fighting
   548 | D:1      | Reached XP level 2. HP: 24/24 MP: 3/3
   718 | D:1      | Reached skill level 1 in Maces & Flails
  1197 | D:1      | Reached XP level 3. HP: 27/29 MP: 4/4
  1517 | D:2      | Found a burning altar of Makhleb.
  1518 | D:2      | Found a radiant altar of Vehumet.
  1701 | D:2      | Mangled by an orc

Action                   || total
-------------------------++-------
Melee: Unarmed           ||    19
       Club              ||   106
  Eat: Chunk             ||     2
